 Dungeon Crawl Stone Soup version 0.25.0-10-g039870ee82 (webtiles) character file.

Game seed: 4839722557575523630

4600 sanka the Poker (level 10, 0/76 HPs)
             Began as a Mummy Skald on June 23, 2020.
             Was a Follower of Ru.
             Slain by a hornet (10 damage)
             ... on level 9 of the Dungeon.
             The game lasted 00:27:38 (13594 turns).

sanka the Poker (Mummy Skald)                      Turns: 13594, Time: 00:27:42

Health: 0/76       AC:  8    Str: 18    XL:     10   Next: 19%
Magic:  14/17      EV: 15    Int: 12    God:    Ru [*.....]
Gold:   124        SH:  0    Dex: 12    Spells: 13/19 levels left

rFire    . . .     SeeInvis .   b - +0 glaive (flame)
rCold    + . .     Gourm    .   (shield currently unavailable)
rNeg     + + +     Faith    .   z - +0 steam dragon scales
rPois    ∞         Spirit   .   t - +0 helmet
rElec    .         Reflect  .   c - +0 cloak
rCorr    .         Harm     .   (no gloves)
MR       +....                  y - +0 pair of boots
Stlth    +.........             (no amulet)
HPRegen  0.22/turn              n - ring of protection from fire
MPRegen  0.15/turn              (no ring)

@: no status effects
A: no food or potions, fire vulnerability, cold resistance 1, negative energy
resistance 3, torment resistance, unbreathing, no conjurations magic, no
necromancy magic, no poison magic
a: Renounce Religion


You were on level 9 of the Dungeon.
You worshipped Ru.
Ru was aware of your devotion.
You were not hungry.

You visited 2 branches of the dungeon, and saw 10 of its levels.

You collected 411 gold pieces.
You spent 287 gold pieces at shops.


Innate Abilities, Weirdness & Mutations

You do not eat or drink.
Your flesh is vulnerable to fire.
You are immune to poison.
Your flesh is cold resistant. (rC+)
You are immune to negative energy. (rN+++)
You are immune to unholy pain and torment.
You can survive without breathing.
You cannot study or cast Conjurations magic.
You cannot study or cast Necromancy magic.
You cannot study or cast Poison magic.


   Skills:
 - Level 6.0 Fighting
 * Level 7.2 Polearms
 - Level 0.7 Armour
 + Level 6.1 Dodging
 - Level 5.0 Spellcasting
 - Level 5.0 Hexes
 - Level 5.0 Charms


You had 13 spell levels left.
You knew the following spells:

 Your Spells              Type           Power        Failure   Level  Hunger
c - Infusion              Chrm           ###.         2%          1    N/A
x - Song of Slaying       Chrm           ###.....     3%          2    N/A
z - Spectral Weapon       Hex/Chrm       ###.....     8%          3    N/A

Your spell library contained the following spells:

 Spells                   Type           Power        Failure   Level  Hunger
 Shroud of Golubria       Chrm/Tloc      #.....       11%         2    N/A
 Summon Small Mammal      Summ           #...         21%         1    N/A
 Ozocubu's Armour         Chrm/Ice       #.......     22%         3    N/A
 Summon Guardian Golem    Hex/Summ       #.......     22%         3    N/A
 Call Imp                 Summ           #.......     30%         2    N/A
 Call Canine Familiar     Summ           #.......     52%         3    N/A
 Summon Ice Beast         Ice/Summ       #.......     89%         4    N/A
 Summon Lightning Spire   Summ/Air       #.......     89%         4    N/A

Inventory:

Hand Weapons
 a - the +0 glaive of Chaos {protect, *Rage rElec Int+3 Dex+4}

   It grants its wielder temporary protection when it strikes (+7 to AC).
   It affects your intelligence (+3).
   It affects your dexterity (+4).
   It insulates you from electricity.
   It may make you go berserk in combat.
 b - a +0 glaive of flaming (weapon)
 h - a +2 whip of venom
 o - a +1 dagger of electrocution
Missiles
 i - 3 javelins
 k - 26 poisoned darts (quivered)
Armour
 c - a +0 cloak (worn)
 t - a +0 helmet (worn)
 y - a +0 pair of boots (worn)
 z - +0 steam dragon scales (worn)
Jewellery
 n - a ring of protection from fire (left hand)
Wands
 r - a wand of iceblast (8)
 u - a wand of acid (2)
 x - a wand of clouds (7)
Scrolls
 d - 2 scrolls of magic mapping
 e - 5 scrolls of teleportation {@r4}
 f - a scroll of amnesia
 g - a scroll of fear
 j - 2 scrolls of immolation {!r}
 m - 2 scrolls of fog
 p - 2 scrolls of remove curse
 q - 2 scrolls of enchant weapon

Dungeon Overview and Level Annotations

Branches:
Dungeon (9/15)             Temple (1/1) D:5
   Lair: D:8-11         Orc: D:9-12

Altars:
Ashenzari
Cheibriados
Elyvilon
Fedhas
Gozag
Hepliaklqana
Kikubaaqudgha
Makhleb
Okawaru
Ru
Sif Muna
Trog
Uskayaw
Vehumet
Xom
Yredelemnul
Zin
The Shining One

Shops:
D:4

* ▒▒▒▒▒▒▒▒▒▒▒▒
▒......<...▒▒▒▒▒▒▒▒▒
▒...........▒.......
▒...........▒.......
▒.........<7My......
▒..........▒▒.....:.
▒..........▒ .......
▒..........▒ .......
▒.....†....▒ ..£..(.
▒▒▒▒▒.▒▒▒▒▒▒ ▒▒▒▒+▒.
▒..▒ ▒▒▒▒▒▒▒.▒▒
▒...?....▒


You could see a hornet and a friendly spectral +0 glaive of flaming.


Message History

* * * LOW HITPOINT WARNING * * *
The hornet stings you!
* * * LOW HITPOINT WARNING * * *
The hornet misses you.
You miss the hornet.
The hornet is severely wounded.
Your spectral weapon fades away.
The hornet closely misses you. The hornet stings you!
* * * LOW HITPOINT WARNING * * *
You barely miss the hornet.
The hornet is severely wounded.
The hornet stings you.
* * * LOW HITPOINT WARNING * * *
The hornet closely misses you.
You completely miss the hornet.
The hornet is severely wounded.
The hornet stings you but does no damage.
The hornet barely misses you.
You draw out your weapon's spirit!
The hornet stings you but does no damage.
Unknown command.
You hit the hornet. You burn the hornet.
The hornet is almost dead.
Your spectral weapon misses the hornet.
The hornet stings you.
* * * LOW HITPOINT WARNING * * *
The hornet stings you!
You die...

Action                   |  1- 3 |  4- 6 |  7- 9 | 10-12 || total
-------------------------+-------+-------+-------+-------++-------
Melee: Spear             |   225 |   282 |   158 |       ||   665
       Halberd           |       |       |    89 |       ||    89
       Glaive            |       |       |   109 |    46 ||   155
Throw: Dart              |       |    12 |     5 |       ||    17
 Cast: Spectral Weapon   |       |     9 |    55 |     8 ||    72
       Infusion          |       |       |     5 |     1 ||     6
Invok: Sacrifice Arcana  |       |       |     1 |       ||     1
Evoke: Wand              |       |       |     7 |       ||     7
  Use: Scroll            |       |     2 |     7 |     1 ||    10
 Stab: Distracted        |       |     1 |     2 |       ||     3
Armor: Leather armour    |    70 |    75 |    82 |     2 ||   229
       Steam dragon scal |       |       |       |     8 ||     8
Dodge: Dodged            |   127 |   154 |   226 |    37 ||   544

Levels and vault maps discovered:
D:1:      nicolae_arrival_memento_mori, layout_rooms, st_stairs_8
D:2:      layout_loops_corners, grunt_temple_overflow_holy_war, first_ration,
          minmay_cupped
D:3:      layout_loops_ring
D:4:      layout_basic, serial_shops, shop
D:5:      layout_loops_corners, minmay_temple_entry_overgrown, elyvilon_altar_5
D:6:      layout_basic, nicolae_overflow_hidden_temple, kennysheep_doodads
D:7:      layout_loops_ring, uniq_duvessa
D:8:      layout_rooms
D:9:      layout_roguey, minitemple, ebering_ghost_gozag, the_bakery,
          uniq_maggie
Temple:   dshaligram_water_room_temple

Notes
Turn   | Place    | Note
-------+----------+-------------------------------------------
     0 | D:1      | sanka the Mummy Skald began the quest for the Orb.
     0 | D:1      | Reached XP level 1. HP: 16/16 MP: 4/4
   216 | D:1      | Reached skill level 3 in Spellcasting
   322 | D:1      | Reached XP level 2. HP: 22/22 MP: 6/6
   474 | D:1      | Learned a level 2 spell: Song of Slaying
   960 | D:1      | Reached skill level 3 in Charms
   965 | D:1      | Reached XP level 3. HP: 15/27 MP: 8/8
  1578 | D:2      | Learned a level 3 spell: Spectral Weapon
  1885 | D:2      | Reached skill level 1 in Hexes
  2048 | D:2      | Found a glowing golden altar of the Shining One.
  2053 | D:2      | Found a basalt altar of Yredelemnul.
  2687 | D:2      | Noticed an angel
  2743 | D:3      | Reached skill level 4 in Spellcasting
  2743 | D:3      | Reached XP level 4. HP: 27/33 MP: 10/10
  3340 | D:3      | Reached skill level 2 in Hexes
  3794 | D:3      | Reached XP level 5. HP: 28/38 MP: 11/11
  4638 | D:4      | Reached skill level 3 in Hexes
  4638 | D:4      | Reached XP level 6. HP: 24/44 MP: 7/13
  5247 | D:4      | Reached skill level 5 in Spellcasting
  5247 | D:4      | Reached skill level 4 in Charms
  5682 | D:4      | Reached skill level 4 in Hexes
  5682 | D:4      | Reached XP level 7. HP: 50/50 MP: 10/14
  5850 | D:4      | Found Qulalyo's Assorted Antiques.
  6005 | D:5      | Entered Level 5 of the Dungeon
  6459 | D:5      | Reached skill level 2 in Dodging
  6996 | D:5      | Found a white marble altar of Elyvilon.
  7336 | D:5      | Reached skill level 3 in Fighting
  7587 | D:5      | Found a staircase to the Ecumenical Temple.
  7596 | Temple   | Entered the Ecumenical Temple
  7713 | Temple   | Became a worshipper of Ru the Awakened
  8195 | D:5      | Reached skill level 3 in Dodging
  8195 | D:5      | Reached XP level 8. HP: 25/60 MP: 9/15
  8734 | D:5      | Reached skill level 4 in Fighting
  8964 | D:6      | Reached skill level 5 in Hexes
  9024 | D:6      | Reached skill level 2 in Polearms
  9506 | D:6      | Reached skill level 5 in Charms
  9663 | D:6      | Found a snail-covered altar of Cheibriados.
  9671 | D:6      | Reached skill level 3 in Polearms
  9829 | D:6      | Found an ancient bone altar of Kikubaaqudgha.
  9884 | D:6      | Reached skill level 4 in Dodging
 10333 | D:6      | Found a bloodstained altar of Trog.
 10514 | D:7      | Reached skill level 5 in Fighting
 10554 | D:7      | Gained mutation: You cannot study or cast Poison magic. [Ru
                  | sacrifice]
 10554 | D:7      | Gained mutation: You cannot study or cast Necromancy magic.
                  | [Ru sacrifice]
 10554 | D:7      | Gained mutation: You cannot study or cast Conjurations
                  | magic. [Ru sacrifice]
 10554 | D:7      | Reached * piety under Ru
 10895 | D:7      | Reached XP level 9. HP: 62/68 MP: 16/16
 10897 | D:7      | Reached skill level 4 in Polearms
 11286 | D:4      | Bought a masterwork glaive for 287 gold pieces
 11286 | D:4      | Identified the cursed +0 glaive of Chaos {protect, *Rage
                  | rElec Int+3 Dex+4} (You bought it in a shop on level 4 of
                  | the Dungeon)
 11928 | D:7      | Noticed Dowan
 11930 | D:7      | Noticed Duvessa
 11937 | D:7      | Killed Dowan
 11941 | D:7      | Killed Duvessa
 12199 | D:8      | Reached skill level 6 in Fighting
 12199 | D:8      | Reached skill level 5 in Polearms
 12199 | D:8      | Reached skill level 5 in Dodging
 12379 | D:8      | Reached skill level 6 in Polearms
 12842 | D:9      | Reached XP level 10. HP: 54/76 MP: 13/17
 12958 | D:9      | Identified +0 steam dragon scales
 12958 | D:9      | Noticed Maggie
 12973 | D:9      | Killed Maggie
 13177 | D:9      | Reached skill level 7 in Polearms
 13177 | D:9      | Reached skill level 6 in Dodging
 13594 | D:9      | Slain by a hornet

Vanquished Creatures
  A centaur zombie (D:8)
  Maggie (D:9)
  2 hippogriffs (D:8)
  A spriggan (D:9)
  A water moccasin (D:7)
  Duvessa (D:7)
  3 orc warriors
  3 sky beasts
  2 phantoms (D:6)
  2 black bears
  4 centaurs
  5 ogres
  2 bullfrogs
  A scorpion (D:4)
  Dowan (D:7)
  8 killer bees
  4 wights
  A howler monkey (D:3)
  3 crimson imps (D:7)
  2 hounds
  3 orc wizards
  A jelly (D:5)
  3 orc priests (D:6)
  2 iguanas
  5 worker ants
  A killer bee zombie (D:8)
  A hound skeleton (D:8)
  2 worker ant zombies
  11 adders
  An adder skeleton (D:8)
  3 worms
  2 dart slugs
  5 leopard geckos
  31 orcs
  5 ball pythons
  2 giant cockroaches
  2 goblins (D:2)
  8 hobgoblins
  18 jackals
  11 kobolds
  4 quokkas
  12 bats
  4 frilled lizards
  A jackal zombie (D:7)
  A quokka zombie (D:5)
  12 rats
199 creatures vanquished.

Vanquished Creatures (others)
  4 spectral weapons
4 creatures vanquished.

Grand Total: 203 creatures vanquished
